 Dungeon Crawl Stone Soup version 0.20-a0-513-g02c11fc (webtiles) character file.

100 anuswrecked the Conjurer (level 4, -3/32 HPs)
             Began as a Mummy Conjurer on Jan 22, 2017.
             Was an Initiate of Gozag.
             Slain by an orc
             ... wielding a +0 club
              (6 damage)
             ... on level 2 of the Dungeon.
             The game lasted 00:11:41 (3149 turns).

anuswrecked the Conjurer (Mummy Conjurer)           Turns: 3149, Time: 00:11:41

Health: -3/32      AC:  3    Str: 12    XL:     4   Next: 47%
Magic:  0/8        EV: 12    Int: 14    God:    Gozag
Gold:   209        SH:  0    Dex: 15    Spells: 5/9 levels left

rFire    x . .     SeeInvis .   a - +0 dagger
rCold    + . .     Gourm    .   d - +0 leather armour
rNeg     + + +     Faith    .   (no shield)
rPois    ∞         Spirit   .   (no helmet)
rElec    .         Reflect  .   (no cloak)
rCorr    .         Harm     .   (no gloves)
MR       .....                  (no boots)
Stlth    ++........             (no amulet)
Regen    0.1/turn               (no ring)
                                i - +3 ring of dexterity

@: no status effects
A: no food or potions, fire vulnerability, cold resistance 1, negative energy
resistance 3, torment resistance, unbreathing
a: Potion Petition, Call Merchant, Bribe Branch, Renounce Religion


You were on level 2 of the Dungeon.
You worshipped Gozag.
Gozag was aware of your devotion.
You were not hungry.

You visited 1 branch of the dungeon, and saw 3 of its levels.

You collected 239 gold pieces.
You paid 30 gold pieces to Gozag.

Inventory:

Hand Weapons
 a - a +0 dagger (weapon)
Armour
 d - a +0 leather armour (worn)
Jewellery
 i - a +3 ring of dexterity (left hand)
Scrolls
 c - a scroll of magic mapping {unknown}
 e - a scroll of amnesia {unknown}
 f - 2 scrolls of identify {unknown}
 g - a scroll of enchant weapon {unknown}
 h - a scroll of recharging {unknown}
Books
 b - a book of Conjurations

   Spells                             Type                      Level
   a - Magic Dart                     Conjuration                  1
   b - Searing Ray                    Conjuration                  2
   c - Dazzling Spray                 Conjuration/Hexes            3
   d - Fulminant Prism                Conjuration/Hexes            4
   e - Iskenderun's Mystic Blast      Conjuration                  4
   f - Iskenderun's Battlesphere      Conjuration/Charms           5


   Skills:
 + Level 1.3 Fighting
 * Level 1.7 Armour
 + Level 2.0 Dodging
 - Level 1.5 Stealth
 + Level 3.3 Spellcasting
 * Level 3.8 Conjurations


You had 5 spell levels left.
You knew the following spells:

 Your Spells              Type           Power        Failure   Level  Hunger
a - Magic Dart            Conj           ##..         8%          1    N/A
b - Dazzling Spray        Conj/Hex       #.....       38%         3    N/A

Dungeon Overview and Level Annotations

Branches:
Dungeon (3/15)

Altars:
Gozag
Nemelex Xobeh


Innate Abilities, Weirdness & Mutations

You do not eat or drink.
Your flesh is vulnerable to fire.
You are immune to poison.
Your flesh is cold resistant. (rC+)
You are immune to negative energy. (rN+++)
You are immune to unholy pain and torment.
You can survive without breathing.


Message History

* * * LOW HITPOINT WARNING * * *
Casting: Magic Dart
Confirm with . or Enter, or press ? or * to list all spells.
Aiming: Magic Dart
Press: ? - help, Shift-Dir - straight line, f/p - orc
Aim: an orc, wielding a club and wearing a chain mail (heavily wounded)
The magic dart hits the orc.
The orc is heavily wounded.
The orc closely misses you.
Your magical contamination has completely faded away.
Casting: Magic Dart
Confirm with . or Enter, or press ? or * to list all spells.
Aiming: Magic Dart
Press: ? - help, Shift-Dir - straight line, f/p - orc
Aim: an orc, wielding a club and wearing a chain mail (heavily wounded)
The magic dart hits the orc.
The orc is heavily wounded.
The orc hits you with a club.
You die...
Your body crumbles into a pile of gold.

#....###..#..###..##....#
.........###..........#.####
#..##..#.........####......###
#.#....##.###..########......#
.....####.....#..%.......#####
.#..## #................# ##.##
#.[..............# ##.#
###..............# ...##
#....o@........#
#...#######....#####..#..#
###...........## ##.##.###
###..###..##### #......#
....##.##.### ###=##.#
#...#...#...## #.##.#
..####'####..##########.##.#
.##.#...#.##...............##
.'..'...'..#.###............#####


You could see an orc.

Vanquished Creatures
  3 adders (D:2)
  An ooze (D:1)
  3 worms (D:2)
  2 dart slugs
  3 leopard geckos
  6 bats
  A giant cockroach (D:1)
  8 hobgoblins
  3 jackals (D:2)
  A ball python (D:1)
  2 frilled lizards
  11 goblins
  2 kobolds (D:1)
  6 rats
52 creatures vanquished.

Notes
Turn   | Place    | Note
-------+----------+-------------------------------------------
     0 | D:1      | anuswrecked the Mummy Conjurer began the quest for the Orb.
     0 | D:1      | Reached XP level 1. HP: 13/13 MP: 4/4
   231 | D:1      | Reached XP level 2. HP: 20/20 MP: 1/5
   297 | D:1      | Reached skill level 1 in Fighting
   974 | D:2      | Reached skill level 1 in Armour
   974 | D:2      | Reached XP level 3. HP: 23/26 MP: 0/7
   979 | D:2      | Learned a level 3 spell: Dazzling Spray
  1097 | D:2      | Found an opulent altar of Gozag.
  1376 | D:2      | Became a worshipper of Gozag Ym Sagoz the Greedy
  1544 | D:2      | Found a sparkling altar of Nemelex Xobeh.
  2083 | D:2      | Reached XP level 4. HP: 24/32 MP: 3/8
  3119 | D:2      | HP: 1/32 [orc/club (2)]
  3125 | D:2      | HP: 1/32 [orc/club (1)]
  3149 | D:2      | Slain by an orc

Vault maps used:
D:1:      dpeg_arrival_solitude
D:2:      cheibrodos_greedy_goblins, grunt_gozag_breadcrumbs, first_bread,
          nemelex_spade_bored_becter

Skill      XL: |  1  2  3  4 |
---------------+-------------+-----
Fighting       | 1 |  1.3
Armour         | 1 |  1.7
Spellcasting   | 3 |  3.3
Dodging        | 2 |  2.0
Stealth        | |  1.5
Conjurations   | |  3.8

Action                   |  1- 3 |  4- 6 || total
-------------------------+-------+-------++-------
Melee: Unarmed           |     1 |       ||     1
       Dagger            |    43 |    41 ||    84
 Cast: Magic Dart        |   106 |    82 ||   188
Armor: Robe              |     1 |       ||     1
       Leather armour    |    18 |     6 ||    24
Dodge: Dodged            |    30 |    33 ||    63
